[Event "ICC Open 2015"]
[Site "Internet Chess Club"]
[Date "2015.05.29"]
[Round "1"]
[White "Spirals"]
[Black "editm"]
[Result "1-0"]
[ICCResult "Black resigns"]
[WhiteElo "2167"]
[BlackElo "1588"]
[Opening "Caro-Kann: two knights, 3...Bg4"]
[ECO "B11"]
[NIC "CK.01"]
[Time "14:03:42"]
[TimeControl "180+0"]

1. e4 c6 2. Nc3 d5 3. Nf3 Bg4 4. exd5 cxd5 5. d4 e6 6. Be2 Nc6 7. a3 Nf6 8.
O-O Bd6 9. h3 Bh5 10. Be3 a6 11. Rb1 O-O 12. Re1 Na5 13. Nd2 Rc8 14. Bxh5
Bb8 15. Bf3 Qd6 16. g3 b5 17. Bf4 Qb6 18. Bxb8 Qxb8 19. Nb3 Nc4 20. Qd3 h5
21. Nc5 h4 22. Bg2 hxg3 23. Qxg3 Nd2 24. Qxb8 Rxb8 25. Rbd1 Nc4 26. Nd3 a5
27. Nb1 b4 28. axb4 axb4 29. b3 Nd6 30. Nc5 Ra8 31. Nd2 Ra2 32. Rc1 Rfa8 33.
Nd3 Nb5 34. Nxb4 R2a7 35. Nf3 Ne4 36. c4 dxc4 37. bxc4 Nbc3 38. Ne5 f5 39.
f3 Ra4 40. fxe4 Nxe4 41. Bxe4 fxe4 42. Nec6 Rf8 43. Rxe4 Ra3 44. Rg4 Raf3
45. Rc2 Rxh3 46. Rf2 Ra8 47. Kg2 Rh6 48. d5 Ra1 49. d6 Rah1 50. d7 R1h2+ 51.
Kf3 Rf6+ 52. Ke3 Rhxf2 53. d8=Q+ Rf8 54. Qxf8+ Kh7 55. Qxf2 Kg8 56. Qf6
{Black resigns}
1-0

[Event "ICC Open 2015"]
[Site "Internet Chess Club"]
[Date "2015.05.29"]
[Round "1"]
[White "Satyricon"]
[Black "slothchess"]
[Result "1-0"]
[ICCResult "Black checkmated"]
[WhiteElo "2257"]
[BlackElo "1514"]
[Opening "Nimzo-Indian: classical, 4...c5"]
[ECO "E38"]
[NIC "NI.22"]
[Time "14:03:52"]
[TimeControl "180+0"]

1. d4 Nf6 2. c4 e6 3. Nc3 Bb4 4. Qc2 c5 5. dxc5 Na6 6. a3 Bxc3+ 7. Qxc3 Nxc5
8. b4 Nce4 9. Qd4 d5 10. c5 b6 11. f3 bxc5 12. bxc5 Qa5+ 13. Qb4 Qxb4+ 14.
axb4 Nc3 15. e3 Bd7 16. Ra5 O-O 17. Bb2 d4 18. exd4 Ncd5 19. b5 Rfb8 20. Bc4
Kf8 21. Ne2 Ne3 22. Bd3 Nxg2+ 23. Kf2 Nh4 24. Rha1 Ng6 25. Nc3 Nf4 26. Bf1
N4d5 27. Ne4 Be8 28. Nd6 Bd7 29. Rxa7 Rxa7 30. Rxa7 Be8 31. Ba3 Kg8 32. c6
Nc3 33. Bc5 Nfd5 34. c7 Rc8 35. Nxc8 Nd1+ 36. Kg1 N5c3 37. Nd6 g6 38. c8=Q
Kg7 39. Qxe8 Ne3 40. Qxf7+ Kh6 41. Qf4+ g5 42. Qf6+ Kh5 43. Rxh7#
{Black checkmated}
1-0

[Event "ICC Open 2015"]
[Site "Internet Chess Club"]
[Date "2015.05.29"]
[Round "1"]
[White "Nemesis23"]
[Black "garompon"]
[Result "0-1"]
[ICCResult "White checkmated"]
[WhiteElo "1730"]
[BlackElo "2570"]
[Opening "Sicilian: Alapin's variation (2.c3)"]
[ECO "B22"]
[NIC "SI.46"]
[Time "14:03:39"]
[TimeControl "180+0"]

1. e4 c5 2. c3 d5 3. exd5 Qxd5 4. d4 g6 5. Nf3 Bg7 6. Be2 Nf6 7. O-O O-O 8.
c4 Qd6 9. d5 e6 10. Nc3 exd5 11. cxd5 a6 12. a4 Bf5 13. h3 Ne4 14. Nxe4 Bxe4
15. Bc4 Nd7 16. Ng5 Rfe8 17. Nxe4 Rxe4 18. Ba2 Rae8 19. Be3 Bxb2 20. Rb1 Bd4
21. Rxb7 Bxe3 22. fxe3 Rxe3 23. Qg4 Ne5 24. Qf4 Re2 25. Bb3 c4 26. Bd1 Ra2
27. Rxf7 Qxd5 28. Rf8+ Kg7 29. Qf6+ Kh6 30. Qh4+ Kg7 31. Qf6+ Kh6 32. Qf4+
g5 33. Qf6+ Ng6 34. Bf3 Qc5+ 35. Kh1 Rxf8 36. Qe6 Rf2 37. Rg1 R8xf3 38. gxf3
Qe5 39. Qg4 Qh2# {White checkmated} 0-1

[Event "ICC Open 2015"]
[Site "Internet Chess Club"]
[Date "2015.05.29"]
[Round "1"]
[White "Berke"]
[Black "ShadowLike"]
[Result "0-1"]
[ICCResult "White resigns"]
[WhiteElo "1440"]
[BlackElo "2224"]
[Opening "Giuoco Pianissimo"]
[ECO "C55"]
[NIC "IG.01"]
[Time "14:03:40"]
[TimeControl "180+0"]

1. e4 e5 2. Nf3 Nc6 3. Bc4 Nf6 4. d3 Bc5 5. Bb3 d6 6. c3 Bb6 7. Nbd2 Ne7 8.
Nf1 c6 9. Ng3 Ng6 10. Bg5 h6 11. Be3 Bg4 12. h3 Be6 13. Bc2 d5 14. Bxb6 axb6
15. Qe2 Qd6 16. Nf5 Bxf5 17. exf5 Nf4 18. Qxe5+ Qxe5+ 19. Nxe5 Nxg2+ 20. Kd2
O-O 21. Rag1 Nf4 22. d4 c5 23. Rg3 Rxa2 24. Rhg1 N6h5 25. Rg4 Rxb2 26. f6 g5
27. Nd7 Rd8 28. Kc1 Rxc2+ 29. Kxc2 Rxd7 30. h4 Kf8 31. hxg5 hxg5 32. Rxg5
Nxf6 33. Rh1 cxd4 34. Rh8+ Ke7 35. Re5+ Ne6 36. cxd4 Rc7+ 37. Kd3 Nd7 38.
Rxd5 Rc1 39. Rh7 Rd1+ 40. Ke2 Rxd4 41. Rf5 Nd8 42. f3 Rd6 43. Rf4 Re6+ 44.
Re4 Nf6 45. Rxe6+ Nxe6 {White resigns} 0-1

[Event "ICC Open 2015"]
[Site "Internet Chess Club"]
[Date "2015.05.29"]
[Round "1"]
[White "Ennjy"]
[Black "ChessNakas"]
[Result "0-1"]
[ICCResult "White forfeits on time"]
[WhiteElo "1587"]
[BlackElo "2165"]
[Opening "Queen's pawn: Keres defense"]
[ECO "A40"]
[NIC "QO.17"]
[Time "14:03:31"]
[TimeControl "180+0"]

1. d4 e6 2. c4 b6 3. Nc3 Bb7 4. e4 Bb4 5. Bd3 f5 6. f3 fxe4 7. fxe4 Bxc3+ 8.
bxc3 Bxe4 9. Nh3 Bxd3 10. Qxd3 Qh4+ 11. Qg3 Qxg3+ 12. hxg3 Nf6 13. O-O O-O
14. Bf4 Na6 15. Rae1 Nh5 16. Be5 d6 17. Bf4 Rae8 18. Ng5 Rf6 19. Ne4 Rg6 20.
Re3 Nxf4 21. gxf4 Rf8 22. Ng5 Rff6 23. Rfe1 Rxf4 24. Nxe6 Rfg4 25. R1e2 h6
26. Nd8 Rg3 27. Re8+ Kh7 28. Nc6 Rxc3 29. Ne7 Rc1+ 30. Kf2 Rf6+ 31. Kg3 Nb4
32. Ng8 Rc3+ 33. Kh2 Rf1 34. Nxh6 Kxh6 35. R8e6+ g6 36. Re8 Rf7 37. Rh8+ Rh7
38. Rhe8 Kg5+ 39. Kg1 Nc6 40. d5 Rc1+ 41. Kf2 Ne5 42. Re4 Ng4+ 43. Kf3 Rc3+
{White forfeits on time}
0-1

[Event "ICC Open 2015"]
[Site "Internet Chess Club"]
[Date "2015.05.29"]
[Round "1"]
[White "A4-H5"]
[Black "CapitalG"]
[Result "1/2-1/2"]
[ICCResult "Game drawn by mutual agreement"]
[WhiteElo "1807"]
[BlackElo "2716"]
[Opening "Old Benoni defense"]
[ECO "A43"]
[NIC "OI.09"]
[Time "14:03:09"]
[TimeControl "180+0"]

1. d4 c5 2. dxc5 e6 3. Nf3 Bxc5 4. c4 Nf6 5. g3 Qb6 6. e3 O-O 7. Bg2 Qc7 8.
O-O Be7 9. b3 b6 10. Bb2 Bb7 11. Nc3 a6 12. Qd3 Nc6 13. a3 Rfd8 14. Rad1
Rac8 15. Ng5 Ne5 16. Qe2 Bxg2 17. Kxg2 Qb7+ 18. e4 h6 19. Nf3 d6 20. h3 Rb8
21. a4 Nc6 22. g4 Nd7 23. Nd4 Nc5 24. f3 Nxd4 25. Rxd4 Nxb3 26. Rdd1 Bf6 27.
Qc2 Nc5 28. Ne2 Bxb2 29. Qxb2 Nxa4 30. Qd4 b5 31. Ng3 bxc4 32. Nh5 Qb2+ 33.
Kg3 Qxd4 34. Rxd4 d5 35. Ra1 Rb7 36. Rxa4 Rc7 37. exd5 exd5 38. Ra2 Rc6 39.
Nf4 Rcd6 40. Rad2 c3 41. Rc2 g5 42. Ne2 a5 43. Rxc3 Re6 44. Rc2 Kg7 45. Kf2
Kg6 46. Ra2 Ra6 47. Rda4 f5 48. Rxa5 Rxa5 49. Rxa5 fxg4 50. hxg4 d4 51. Ke1
d3 52. Nc3 Rf8 53. Kd2 Rxf3 54. Ra6+ Kg7 55. Ne4 Rf4 56. Kxd3 Rxg4 57. Ke3
Rf4 58. Ra7+ Kg6 59. Ra6+ Kh5 60. Ra1 Kg6 61. Ra6+ Kh5 62. Ra1 Rh4 63. Rf1
Rh3+ 64. Kf2 Ra3 65. Nf6+ Kg6 66. Nd5 h5 67. Kg1 h4 68. Kg2 Kh5 69. Rf8 Rg3+
70. Kh2 Ra3 71. Rh8+ Kg4 72. Rb8 Ra2+ 73. Kg1 h3 74. Ne3+ Kh4 75. Rb4+ Kg3
76. Rg4+ Kf3 77. Rxg5 Kxe3 78. Rg3+ Kf4 79. Rxh3 Ra1+ 80. Kg2 Ra2+ 81. Kg1
Ra1+ {Game drawn by mutual agreement} 1/2-1/2

[Event "ICC Open 2015"]
[Site "Internet Chess Club"]
[Date "2015.05.29"]
[Round "1"]
[White "PajoPatak"]
[Black "Unico"]
[Result "1-0"]
[ICCResult "Black forfeits on time"]
[WhiteElo "1425"]
[BlackElo "2046"]
[Opening "French: advance, Paulsen attack"]
[ECO "C02"]
[NIC "FR.03"]
[Time "14:03:43"]
[TimeControl "180+0"]

1. e4 e6 2. d4 d5 3. e5 c5 4. c3 Nc6 5. Nf3 Qb6 6. a3 c4 7. Nbd2 Na5 8. g3
Bd7 9. Bh3 h6 10. O-O Ne7 11. Rb1 Nc8 12. Re1 Qc7 13. Bg2 Nb6 14. h4 Ba4 15.
Qe2 Bc2 16. Ra1 Bf5 17. h5 Be7 18. Kh2 Bg4 19. Bh3 Bxh5 20. Qf1 g5 21. Bg2
Bg6 22. Kg1 O-O-O 23. Qe2 Rdg8 24. Nf1 h5 25. Ne3 Bd3 26. Qd1 Nb3 27. Ra2
Bb1 28. Bd2 Bxa2 29. Qa1 {Black forfeits on time} 1-0

[Event "ICC Open 2015"]
[Site "Internet Chess Club"]
[Date "2015.05.29"]
[Round "1"]
[White "Ancient"]
[Black "RedCard"]
[Result "0-1"]
[ICCResult "White forfeits on time"]
[WhiteElo "1594"]
[BlackElo "2180"]
[Opening "Sicilian: dragon variation"]
[ECO "B70"]
[NIC "SI.15"]
[Time "14:02:55"]
[TimeControl "180+0"]

1. e4 c5 2. Nf3 d6 3. d4 cxd4 4. Nxd4 Nf6 5. Nc3 g6 6. Bd3 Bg7 7. O-O O-O 8.
Kh1 Nc6 9. Nxc6 bxc6 10. f4 Bg4 11. Qe1 Qd7 12. f5 gxf5 13. exf5 e6 14. Qf2
Bxf5 15. Bxf5 exf5 16. Qxf5 Qxf5 17. Rxf5 Rfe8 18. Bd2 Ne4 19. Nxe4 Rxe4 20.
Raf1 Rf8 21. Bf4 Re6 22. c3 Kh8 23. h4 Kg8 24. h5 h6 25. Rf3 Be5 26. Rg3+
Kh7 27. Rf3 Bxf4 28. R3xf4 Kg7 29. Ra4 Ra8 30. Rf2 Re5 31. g4 a5 32. Kg2 Ra7
33. Kg3 Rae7 34. Raf4 Rb5 35. b3 Rc5 36. c4 a4 37. b4 Rce5 38. c5 dxc5 39.
bxc5 Rxc5 40. Rxa4 Rc3+ 41. Rf3 Rc1 42. Raf4 Rg1+ 43. Kh2 Ra1 44. Rf2 Ra7
45. Rc4 R1xa2 46. Rxa2 Rxa2+ 47. Kg3 Ra6 48. Kf4 Kf6 49. Re4 c5 50. Rc4 Rc6
51. Ke4 Kg5 52. Kd5 Rc8 53. Kd6 f6 54. Ke6 Re8+ 55. Kf7 Re5 56. Kg7 f5 57.
gxf5 Rxf5 58. Rc2 Kxh5 59. Rh2+ Kg5 60. Rg2+ Kf4 61. Kxh6 Ke4 62. Kg6 Rf8
63. Rc2 Kd4 64. Kg5 c4 65. Rc1 c3 66. Kg6 Kd3 67. Kg7 Rf2 68. Ra1 c2 69. Ra8
Kd2 70. Rd8+ Ke1 71. Rd1+ cxd1=Q {White forfeits on time} 0-1

[Event "ICC Open 2015"]
[Site "Internet Chess Club"]
[Date "2015.05.29"]
[Round "1"]
[White "khekhm"]
[Black "nitishdas"]
[Result "1-0"]
[ICCResult "Black resigns"]
[WhiteElo "2691"]
[BlackElo "1788"]
[Opening "Sicilian: Hungarian variation"]
[ECO "B27"]
[NIC "SI.43"]
[Time "14:03:11"]
[TimeControl "180+0"]

1. e4 c5 2. Nf3 g6 3. d4 cxd4 4. Qxd4 Nf6 5. e5 Nc6 6. Qa4 Nd5 7. Qe4 e6 8.
c4 Nde7 9. Nc3 d5 10. exd6 Nf5 11. Bg5 Nxd6 12. Qf4 Be7 13. O-O-O Bxg5 14.
Nxg5 e5 15. Qd2 Nd4 16. f4 Bg4 17. Re1 O-O 18. h3 Bf5 19. g4 Bc2 20. fxe5
Nxc4 21. Bxc4 Rc8 22. Bxf7+ Rxf7 23. Nxf7 Kxf7 24. Rhf1+ Kg7 25. e6 Rc7 26.
e7 Rxe7 27. Rxe7+ Qxe7 28. Qxd4+ Kh6 29. Kxc2 Qe2+ 30. Nxe2 {Black resigns}
1-0

[Event "ICC Open 2015"]
[Site "Internet Chess Club"]
[Date "2015.05.29"]
[Round "1"]
[White "nurmi"]
[Black "AMKE"]
[Result "1-0"]
[ICCResult "Black checkmated"]
[WhiteElo "2190"]
[BlackElo "1599"]
[Opening "French: Fort Knox variation"]
[ECO "C03"]
[NIC "FR.07"]
[Time "14:03:33"]
[TimeControl "180+0"]

1. e4 e6 2. d4 d5 3. Nd2 dxe4 4. Nxe4 Bd7 5. Nf3 Bc6 6. Bd3 Nd7 7. O-O Ngf6
8. Qe2 Nxe4 9. Bxe4 Bxe4 10. Qxe4 c6 11. Bg5 Nf6 12. Bxf6 Qxf6 13. Rfe1 Bd6
14. c4 O-O 15. Rad1 Rad8 16. a3 a5 17. Qg4 Qg6 18. h3 Qxg4 19. hxg4 Rfe8 20.
Re4 h6 21. Rde1 Kf8 22. Nd2 Ke7 23. Nb3 Bc7 24. f4 Kf8 25. Nc5 b6 26. Nd3 f5
27. gxf5 exf5 28. Rxe8+ Rxe8 29. Rxe8+ Kxe8 30. Kf2 Ke7 31. Ke3 Bd6 32. b4
Ke6 33. bxa5 bxa5 34. a4 g5 35. g3 Bc7 36. Nc5+ Ke7 37. Nb3 gxf4+ 38. gxf4
Kf6 39. Kf3 Ke6 40. Nc5+ Kf6 41. Nd3 Ke6 42. Nf2 Bd8 43. Nd1 Bf6 44. Ke3 h5
45. Nf2 h4 46. Nh3 Kd6 47. Kd3 c5 48. d5 Bd4 49. Ke2 Bf6 50. Kf3 Bd4 51. Kg2
Bf6 52. Ng1 Bd4 53. Nf3 Bf6 54. Kh3 Kd7 55. Nxh4 Kd6 56. Nxf5+ Kd7 57. Ng3
Kd6 58. Kg4 Kd7 59. Ne4 Bd4 60. Kf5 Ke7 61. Kg6 Kd7 62. f5 Ke7 63. f6+ Bxf6
64. Nxf6 Kd6 65. Ne4+ Kd7 66. Nxc5+ Kd8 67. Ne4 Kc8 68. Kf6 Kd8 69. Ke5 Ke8
70. Kd4 Kd8 71. Kc5 Ke8 72. Kb5 Kd8 73. Kxa5 Kc8 74. Kb5 Kd8 75. a5 Kc8 76.
a6 Kb8 77. c5 Ka7 78. d6 Ka8 79. d7 Ka7 80. c6 Ka8 81. d8=Q+ Ka7 82. Qc7+
Ka8 83. Qb7# {Black checkmated} 1-0

[Event "ICC Open 2015"]
[Site "Internet Chess Club"]
[Date "2015.05.29"]
[Round "1"]
[White "yaguaro"]
[Black "Havank"]
[Result "0-1"]
[ICCResult "White resigns"]
[WhiteElo "2130"]
[BlackElo "1970"]
[Opening "Benko's opening"]
[ECO "A00"]
[NIC "VO.09"]
[Time "14:05:37"]
[TimeControl "180+0"]

1. g3 d5 2. Bg2 c6 3. d3 Nf6 4. Nd2 g6 5. e4 Bg7 6. Ngf3 O-O 7. O-O dxe4 8.
dxe4 Nbd7 9. Qe2 Ng4 10. h3 Nge5 11. Nxe5 Nxe5 12. f4 Nd7 13. Kh2 Nb6 14. c3
Qc7 15. Nc4 Nxc4 16. Qxc4 Be6 17. Qe2 Rad8 18. Be3 b6 19. f5 Bc8 20. Bf4 Be5
21. Bxe5 Qxe5 22. fxg6 hxg6 23. Rad1 Be6 24. b3 Qxc3 25. Rc1 Qd2 26. Rc2
Qxe2 27. Rxe2 Rd4 28. Rc1 c5 29. Rcc2 Rfd8 30. Bf3 Kg7 31. Bg2 Kf6 32. Rf2+
Ke5 33. Rfe2 b5 34. Rxc5+ Kf6 35. Rcc2 Ke5 36. Rc5+ Kf6 37. e5+ Kg7 38. Rcc2
b4 39. Rf2 Rd3 40. Rce2 a5 41. Be4 Rc3 42. Bg2 Rd1 43. Rd2 Rxd2 44. Rxd2 Re3
45. Rd7 Rxe5 46. Rxe7 Re2 47. Kg1 Rxa2 48. Ra7 Bxb3 49. Bc6 Be6 50. Be8 b3
51. Rb7 b2 52. h4 Ra1+ 53. Kf2 b1=Q {White resigns} 0-1

[Event "ICC Open 2015"]
[Site "Internet Chess Club"]
[Date "2015.05.29"]
[Round "1"]
[White "EREBUNI"]
[Black "RdgMx"]
[Result "1-0"]
[ICCResult "Black resigns"]
[WhiteElo "3035"]
[BlackElo "1889"]
[Opening "French: Albin-Alekhine-Châtard attack, Maróczy variation"]
[ECO "C13"]
[NIC "FR.06"]
[Time "14:04:25"]
[TimeControl "180+0"]

1. e4 e6 2. d4 d5 3. Nc3 Nf6 4. Bg5 Be7 5. e5 Nfd7 6. h4 a6 7. Qg4 Bxg5 8.
hxg5 c5 9. Nf3 cxd4 10. Qxd4 Nc6 11. Qf4 Qc7 12. O-O-O Ncxe5 13. Nxe5 Qxe5
14. Qxe5 Nxe5 15. Nxd5 O-O 16. Ne7+ Kh8 17. Bd3 Nxd3+ 18. Rxd3 e5 19. g6 h6
20. gxf7 Rxf7 21. Rd8+ Kh7 22. Rxc8 Rxc8 23. Nxc8 Rxf2 24. g3 Rg2 25. Re1
Rxg3 26. Rxe5 Kg6 27. Nd6 h5 28. Re6+ Kh7 29. Re4 g5 30. Nxb7 h4 31. Re7+
Kg6 32. Nd6 h3 33. Rg7+ Kh5 34. Rh7+ Kg4 35. c4 Rg1+ 36. Kc2 Kg3 37. c5 h2
38. c6 h1=Q 39. Rxh1 Rxh1 40. c7 Rh8 41. c8=Q Rxc8+ 42. Nxc8 Kf2 43. Ne7 g4
44. Nf5 Kf3 45. Kc3 Kf4 46. Nh4 g3 47. Kd3 Kg4 48. Ng2 Kf3 49. Ne1+ Kf2 50.
Kd2 a5 51. b3 Kf1 52. a3 Kf2 53. b4 axb4 54. axb4 g2 55. Nxg2 Kf3 56. b5 Ke4
57. b6 Kd5 58. b7 Kc6 59. b8=Q {Black resigns} 1-0

[Event "ICC Open 2015"]
[Site "Internet Chess Club"]
[Date "2015.05.29"]
[Round "1"]
[White "Samset0304"]
[Black "Rembrand"]
[Result "0-1"]
[ICCResult "White forfeits on time"]
[WhiteElo "1559"]
[BlackElo "2110"]
[Opening "QGD: exchange variation"]
[ECO "D35"]
[NIC "QO.16"]
[Time "14:02:23"]
[TimeControl "180+0"]

1. d4 Nf6 2. c4 e6 3. Nc3 d5 4. cxd5 Nxd5 5. e4 Nxc3 6. bxc3 c5 7. Be3 cxd4
8. cxd4 Bb4+ 9. Ke2 O-O 10. Rb1 a5 11. Nf3 b6 12. Bd2 Ba6+ 13. Ke1 Bxf1 14.
Kxf1 Nc6 15. Bxb4 axb4 16. d5 exd5 17. exd5 Ne7 18. d6 Nf5 19. Rxb4 Rxa2 20.
d7 Qf6 21. Rb1 h6 22. g3 Rd8 23. Kg2 Ra7 24. Qb3 Raxd7 25. Qxb6 Qe7 26. Rhe1
Qa3 27. Qb5 Nd6 28. Qh5 Qa2 29. Rbd1 Qa7 30. g4 Ne8 31. h4 Nf6 32. Qf5 Qa4
33. g5 hxg5 34. hxg5 Qg4+ 35. Kf1 Qxf5 {White forfeits on time} 0-1

[Event "ICC Open 2015"]
[Site "Internet Chess Club"]
[Date "2015.05.29"]
[Round "1"]
[White "MastroNuzzo"]
[Black "gladiator46"]
[Result "1-0"]
[ICCResult "Black forfeits on time"]
[WhiteElo "2442"]
[BlackElo "1655"]
[Opening "English: Kurajica defense"]
[ECO "A11"]
[NIC "RE.07"]
[Time "14:03:22"]
[TimeControl "180+0"]

1. Nf3 c6 2. c4 d5 3. g3 e6 4. Bg2 Nf6 5. O-O dxc4 6. Qc2 b5 7. a4 Nd5 8.
Nc3 Nb4 9. Qb1 bxa4 10. Rxa4 Bb7 11. b3 cxb3 12. Qxb3 N8a6 13. Qc4 Qb6 14.
Ba3 c5 15. Rb1 Be7 16. Na2 Bd5 17. Qg4 Bxa2 18. Qxg7 Rf8 19. Rb2 Qb5 20.
Rxa6 Qxa6 21. Bxb4 cxb4 22. Ne5 Rc8 23. Be4 Rc1+ 24. Kg2 Qxe2 25. Bc6+ Rxc6
26. Rxa2 Qxe5 27. Qxe5 {Black forfeits on time} 1-0

[Event "ICC Open 2015"]
[Site "Internet Chess Club"]
[Date "2015.05.29"]
[Round "2"]
[White "jefferyx"]
[Black "xionoula"]
[Result "1-0"]
[ICCResult "Black resigns"]
[WhiteElo "2901"]
[BlackElo "2198"]
[Opening "Polish (Sokolsky) opening"]
[ECO "A00"]
[NIC "VO.10"]
[Time "14:13:40"]
[TimeControl "180+0"]

1. b4 d5 2. Bb2 e6 3. e3 Nf6 4. a3 Be7 5. g4 h6 6. h4 b6 7. Nh3 Bb7 8. Rg1
Nbd7 9. g5 hxg5 10. hxg5 Nh5 11. Be2 {Black resigns} 1-0

[Event "ICC Open 2015"]
[Site "Internet Chess Club"]
[Date "2015.05.29"]
[Round "2"]
[White "SCORPION83"]
[Black "LittleDonkey"]
[Result "1-0"]
[ICCResult "Black checkmated"]
[WhiteElo "3233"]
[BlackElo "2369"]
[Opening "Old Indian defense"]
[ECO "A53"]
[NIC "OI.04"]
[Time "14:13:25"]
[TimeControl "180+0"]

1. d4 Nf6 2. c4 d6 3. Nc3 e6 4. e4 Be7 5. f4 b6 6. Nf3 O-O 7. Bd3 Bb7 8. O-O
c5 9. d5 exd5 10. cxd5 Re8 11. Kh1 Bf8 12. a4 Na6 13. e5 dxe5 14. fxe5 Ng4
15. Ng5 Nxe5 16. Bxh7+ Kh8 17. Qh5 Ng4 18. Nxf7# {Black checkmated} 1-0

[Event "ICC Open 2015"]
[Site "Internet Chess Club"]
[Date "2015.05.29"]
[Round "2"]
[White "FlyAway"]
[Black "Spirals"]
[Result "1-0"]
[ICCResult "Black checkmated"]
[WhiteElo "2821"]
[BlackElo "2166"]
[Opening "Sicilian: Najdorf, Adams attack"]
[ECO "B90"]
[NIC "SI.14"]
[Time "14:13:29"]
[TimeControl "180+0"]

1. e4 c5 2. Nf3 d6 3. d4 cxd4 4. Nxd4 Nf6 5. Nc3 a6 6. h3 e5 7. Nde2 Be6 8.
g4 h6 9. Bg2 Nc6 10. Be3 Rc8 11. O-O Be7 12. Ng3 b5 13. Nd5 Bxd5 14. exd5
Nb8 15. Nf5 O-O 16. Qd2 Nh7 17. Bxh6 gxh6 18. Qxh6 Bf6 19. h4 Bh8 20. Be4
Re8 21. Ne7+ Qxe7 22. Bxh7# {Black checkmated} 1-0

[Event "ICC Open 2015"]
[Site "Internet Chess Club"]
[Date "2015.05.29"]
[Round "2"]
[White "Chisel"]
[Black "want2win"]
[Result "0-1"]
[ICCResult "White resigns"]
[WhiteElo "1712"]
[BlackElo "2390"]
[Opening "French: Steinitz variation"]
[ECO "C11"]
[NIC "FR.04"]
[Time "14:14:00"]
[TimeControl "180+0"]

1. e4 e6 2. Nc3 d5 3. d4 Nf6 4. e5 Nfd7 5. Nf3 c5 6. Bd3 Nc6 7. dxc5 Nxc5 8.
O-O Nxd3 9. Qxd3 Bc5 10. Bg5 Be7 11. Bxe7 Qxe7 12. Rfe1 O-O 13. Rad1 Bd7 14.
Ne2 Rac8 15. Ng3 Nb4 16. Qd4 Nxc2 17. Qg4 Nxe1 18. Rxe1 Rc4 19. Qh5 Qb4 20.
b3 Rf4 21. Kf1 Rf5 22. Ng5 h6 23. Nh3 Rxh5 {White resigns} 0-1

[Event "ICC Open 2015"]
[Site "Internet Chess Club"]
[Date "2015.05.29"]
[Round "2"]
[White "Gambit101"]
[Black "fviana"]
[Result "1-0"]
[ICCResult "Black resigns"]
[WhiteElo "3201"]
[BlackElo "2351"]
[Opening "Sicilian: Nimzovich-Rossolimo attack (without ...d6)"]
[ECO "B30"]
[NIC "SI.31"]
[Time "14:14:18"]
[TimeControl "180+0"]

1. e4 c5 2. Nf3 Nc6 3. Bb5 e6 4. O-O Nge7 5. Re1 Ng6 6. c3 Be7 7. d4 cxd4 8.
cxd4 a6 9. Bf1 d6 10. Nc3 O-O 11. a4 Bd7 12. g3 Rc8 13. h4 Re8 14. h5 Nf8
15. h6 g6 16. d5 Nb4 17. Qd4 {Black resigns} 1-0

[Event "ICC Open 2015"]
[Site "Internet Chess Club"]
[Date "2015.05.29"]
[Round "2"]
[White "zona"]
[Black "PADILLON2189"]
[Result "1-0"]
[ICCResult "Black resigns"]
[WhiteElo "2535"]
[BlackElo "1993"]
[Opening "Sicilian: dragon, Yugoslav attack, 12.h4"]
[ECO "B77"]
[NIC "SI.18"]
[Time "14:13:35"]
[TimeControl "180+0"]

1. e4 c5 2. Nf3 d6 3. d4 cxd4 4. Nxd4 Nf6 5. Nc3 g6 6. Be3 Bg7 7. f3 O-O 8.
Qd2 Nc6 9. Bc4 Bd7 10. h4 Qa5 11. Bb3 Rfc8 12. O-O-O Ne5 13. Kb1 Nc4 14.
Bxc4 Rxc4 15. Nb3 Qa6 16. g4 Be6 17. h5 Rac8 18. hxg6 fxg6 19. Bh6 Bh8 20.
Bg5 b5 21. Bxf6 Bxf6 22. Nd5 Bxd5 23. Qxd5+ Kg7 24. Rxh7+ Kxh7 25. Qf7+ Kh6
26. f4 Bh4 27. Rh1 g5 28. fxg5+ Kxg5 29. Qf5+ Kh6 30. Rxh4+ Kg7 31. Rh7+
{Black resigns}
1-0

[Event "ICC Open 2015"]
[Site "Internet Chess Club"]
[Date "2015.05.29"]
[Round "2"]
[White "ShadowLike"]
[Black "Talion"]
[Result "0-1"]
[ICCResult "White resigns"]
[WhiteElo "2224"]
[BlackElo "2952"]
[Opening "Sicilian defense"]
[ECO "B41"]
[NIC "SI.48"]
[Time "14:13:56"]
[TimeControl "180+0"]

1. e4 c5 2. d4 e6 3. Nf3 cxd4 4. c3 a6 5. Bc4 b5 6. Bb3 Bb7 7. Qe2 d3 8.
Qxd3 d6 9. O-O Nd7 10. Be3 Ngf6 11. Rd1 Bxe4 12. Qe2 Be7 13. Nbd2 Bb7 14.
Ng5 d5 15. Ndf3 h6 16. Nh3 O-O 17. Bc2 e5 18. g4 Nxg4 19. Nh4 Nxe3 20. Qxe3
Bxh4 {White resigns} 0-1

[Event "ICC Open 2015"]
[Site "Internet Chess Club"]
[Date "2015.05.29"]
[Round "2"]
[White "MeWantCookie"]
[Black "livis"]
[Result "0-1"]
[ICCResult "White resigns"]
[WhiteElo "1554"]
[BlackElo "1912"]
[Opening "Queen's pawn game"]
[ECO "D05"]
[NIC "QO.17"]
[Time "14:13:40"]
[TimeControl "180+0"]

1. d4 e6 2. Nf3 d5 3. e3 Nf6 4. Bd3 Be7 5. O-O O-O 6. b3 Ne4 7. Bxe4 dxe4 8.
Ne5 f6 9. Nc4 f5 10. Ne5 Nd7 11. Bb2 Nxe5 12. dxe5 Bd7 13. c4 Bc6 14. Na3 a6
15. Nc2 Be8 16. Qe2 c5 17. Rad1 Qc7 18. Rd2 Bg6 19. Rfd1 Rfd8 20. Ne1 h6 21.
f3 Rxd2 22. Rxd2 exf3 23. Nxf3 Rd8 24. e4 fxe4 25. Rxd8+ Qxd8 26. Nd2 Qd3
27. Qxd3 exd3 28. Kf2 Bg5 29. Bc3 h5 30. Kf3 Kf7 31. Ne4 Bxe4+ 32. Kxe4 d2
{White resigns}
0-1

[Event "ICC Open 2015"]
[Site "Internet Chess Club"]
[Date "2015.05.29"]
[Round "2"]
[White "BlueGoose"]
[Black "jyd34"]
[Result "1-0"]
[ICCResult "Black checkmated"]
[WhiteElo "1886"]
[BlackElo "1537"]
[Opening "King's Indian: Sämisch variation"]
[ECO "E80"]
[NIC "KI.54"]
[Time "14:14:45"]
[TimeControl "180+0"]

1. d4 Nf6 2. c4 g6 3. f3 d6 4. e4 Bg7 5. Nc3 Nbd7 6. Bg5 O-O 7. Qd2 c6 8.
O-O-O a6 9. h4 b5 10. g4 b4 11. Na4 Nb6 12. Nxb6 Qxb6 13. h5 Nxg4 14. fxg4
Bxg4 15. Be2 Bxe2 16. Nxe2 Qa5 17. Kb1 c5 18. Bh6 Qb6 19. Bxg7 Kxg7 20. hxg6
d5 21. Qh6+ Kf6 22. gxh7# {Black checkmated} 1-0

[Event "ICC Open 2015"]
[Site "Internet Chess Club"]
[Date "2015.05.29"]
[Round "2"]
[White "Supermister"]
[Black "MythBulletChess"]
[Result "1-0"]
[ICCResult "Black resigns"]
[WhiteElo "2008"]
[BlackElo "1565"]
[Opening "Sicilian: closed"]
[ECO "B24"]
[NIC "SI.44"]
[Time "14:15:25"]
[TimeControl "180+0"]

1. e4 c5 2. Nc3 Nc6 3. g3 Nf6 4. d3 d6 5. Be3 e5 6. h3 Be6 7. Bg2 Be7 8. f4
d5 9. exd5 Bxd5 10. Nf3 e4 11. dxe4 Bxe4 12. O-O Nh5 13. Nxe4 {Black
resigns} 1-0

[Event "ICC Open 2015"]
[Site "Internet Chess Club"]
[Date "2015.05.29"]
[Round "2"]
[White "akibael"]
[Black "Huemul"]
[Result "1-0"]
[ICCResult "Black resigns"]
[WhiteElo "2413"]
[BlackElo "1341"]
[Opening "Réti opening"]
[ECO "A04"]
[NIC "QP.11"]
[Time "14:13:19"]
[TimeControl "180+0"]

1. Nf3 e6 2. b3 Nf6 3. Bb2 Be7 4. e3 O-O 5. Be2 d6 6. O-O Nbd7 7. d4 b6 8.
Nbd2 Bb7 9. c4 d5 10. Qc2 Rc8 11. Rac1 c5 12. Qb1 cxd4 13. Nxd4 Ne4 14. Nxe4
dxe4 15. Rfd1 Bg5 16. Nb5 Qe7 17. Nd6 Rc7 18. Nxb7 Rxb7 19. Qxe4 Nc5 20. Qc2
Bf6 21. Rd2 Bxb2 22. Qxb2 Qg5 23. Rcd1 Rbb8 24. Bf3 Rfd8 25. g3 Rxd2 26.
Qxd2 Qf5 27. Kg2 h6 28. b4 Ne4 29. Qd4 Nf6 30. Qf4 Qc2 31. Qxb8+ Kh7 32. Qd6
Qxa2 33. Qd3+ g6 34. c5 bxc5 35. bxc5 Kg7 36. c6 Qa5 37. Qd4 Qc7 38. Qd6
Qxd6 39. Rxd6 a5 40. c7 a4 41. c8=Q a3 42. Qc3 a2 43. Rd4 h5 44. Rf4 a1=Q
45. Qxa1 {Black resigns} 1-0